 Dungeon Crawl Stone Soup version 0.22.1 (webtiles) character file.

504 Fang the Chopper (level 7, -20/44 HPs)
             Began as a Gargoyle Berserker on Sept 17, 2018.
             Was a Priest of Trog.
             Demolished by an ogre
             ... wielding a +0 giant club
              (26 damage)
             ... on level 4 of the Dungeon.
             The game lasted 00:05:36 (3865 turns).

Fang the Chopper (Gargoyle Berserker)               Turns: 3865, Time: 00:05:36

Health: -20/44     AC:  9    Str: 23    XL:     7   Next: 17%
Magic:  7/7        EV: 16    Int:  7    God:    Trog [***...]
Gold:   203        SH:  0    Dex:  9    Spells: 6/6 levels left

rFire    + + .     SeeInvis .   m - +0 hand axe (freeze)
rCold    . . .     Gourm    .   (no shield)
rNeg     + . .     Faith    .   r - +2 robe {rF+}
rPois    ∞         Spirit   .   (no helmet)
rElec    +         Reflect  .   (no cloak)
rCorr    .         Harm     +   (no gloves)
MR       .....                  (no boots)
Stlth    +++.......             h - amulet of harm
HPRegen  0.14/turn              l - +4 ring of evasion
MPRegen  0.10/turn              j - ring of stealth

@: berserk cooldown, very slightly contaminated, slowed, invisible, very slow
A: fangs 1, fire resistance 1, negative energy resistance 1, electricity
resistance, unbreathing, petrification resistance, rot immunity, AC +4
a: Berserk, Trog's Hand, Renounce Religion


You were on level 4 of the Dungeon.
You worshipped Trog.
Trog was most pleased with you.
You were not hungry.

You visited 1 branch of the dungeon, and saw 4 of its levels.

You collected 203 gold pieces.

Inventory:

Hand Weapons
 a - a +0 hand axe
 m - a +0 hand axe of freezing (weapon)
Armour
 b - a +0 animal skin
 r - a +2 robe of fire resistance (worn)
Jewellery
 d - an uncursed ring of protection from fire
 f - an uncursed ring of see invisible
 h - an amulet of harm (around neck)
 j - a ring of stealth (right hand)
 l - a +4 ring of evasion (left hand)
Scrolls
 e - 3 scrolls of teleportation {unknown}
 g - 2 scrolls of noise {unknown}
 i - 2 scrolls of magic mapping {unknown}
 k - 2 scrolls of remove curse {unknown}
 n - 3 scrolls of amnesia {unknown}
 p - 2 scrolls of identify {unknown}
Potions
 o - a potion of curing {unknown}
 s - a potion of cancellation {unknown}
 v - a potion of heal wounds {unknown}
Comestibles
 c - 8 rations


   Skills:
 + Level 4.9 Fighting
 + Level 5.6 Axes
 + Level 2.3 Armour
 + Level 2.9 Dodging
 + Level 1.9 Stealth


You had 6 spell levels left.
You didn't know any spells.
Your spell library was empty.

Dungeon Overview and Level Annotations

Branches:
Dungeon (4/15)
 Temple: D:4-7

Altars:
Elyvilon
Okawaru
The Shining One

Annotations:
D:3 2 transporters, Lucherd's ghost, amateur KoBe


Innate Abilities, Weirdness & Mutations

You are resistant to torment.
Your stone body is resilient. (AC +4)
You are immune to poison.
You resist negative energy. (rN+)
You are resistant to electric shocks. (rElec)
You can survive without breathing.
You are immune to petrification.
You are immune to rotting.
You have very sharp teeth.
Your flesh is heat resistant. (rF+)


Message History

An ogre is nearby!
An ogre is nearby!
You are too injured to fight recklessly!
The ogre barely misses you. The ogre hits you with a giant club!
* * * LOW HITPOINT WARNING * * *
You see here a giant spiked club.
Okay, then.
It was a potion of mutation.
You feel extremely strange.
You feel resistant to heat.
Your teeth lengthen and sharpen.
The ogre hits you but does no damage. The ogre misses you.
It was a potion of invisibility.
You fade into invisibility!
The ogre closely misses you.
You are very lightly contaminated with residual magic.
You hit the ogre. You freeze the ogre.
The ogre is moderately wounded.
The ogre hits you with a giant club!!
Ouch! That really hurt!
You die...

#.# #.. #.# #.# #.#
##########
#######.###########.........
#................##.........
#.......[...................
#........)O@............###.
#.......................###.
#.......#####...............
###.........................
#.................###.....
#............#..............
#....##.#...##..........(###
#...........................
#..........>................


You could see an ogre.

Vanquished Creatures
  A sky beast (D:3)
  An ogre (D:4)
  A howler monkey (D:4)
  A hound (D:4)
  3 orc priests
  2 orc wizards
  3 adders
  An ooze (D:2)
  An adder skeleton (D:4)
  A worm (D:2)
  2 dart slugs (D:3)
  3 leopard geckos
  12 orcs
  4 giant cockroaches
  5 hobgoblins
  4 jackals (D:1)
  3 kobolds
  A quokka (D:3)
  9 bats
  4 frilled lizards
  A goblin (D:1)
  11 rats
74 creatures vanquished.

Vanquished Creatures (others)
  A hobgoblin (D:2)
  A rat (D:3)
2 creatures vanquished.

Grand Total: 76 creatures vanquished

Notes
Turn   | Place    | Note
-------+----------+-------------------------------------------
     0 | D:1      | Fang the Gargoyle Berserker began the quest for the Orb.
     0 | D:1      | Reached XP level 1. HP: 14/14 MP: 1/1
   381 | D:1      | Reached XP level 2. HP: 15/19 MP: 2/2
   518 | D:1      | Reached skill level 3 in Axes
  1021 | D:2      | Reached XP level 3. HP: 13/24 MP: 3/3
  1317 | D:2      | Found an iron altar of Okawaru.
  1415 | D:2      | Reached ** piety under Trog
  1476 | D:2      | Found a white marble altar of Elyvilon.
  1531 | D:2      | Reached XP level 4. HP: 23/29 MP: 4/4
  2409 | D:3      | Noticed a sky beast
  2414 | D:3      | Killed a sky beast
  2414 | D:3      | Reached skill level 4 in Axes
  2414 | D:3      | Reached skill level 1 in Stealth
  2414 | D:3      | Reached XP level 5. HP: 33/33 MP: 5/5
  2780 | D:3      | Reached XP level 6. HP: 30/38 MP: 6/6
  2994 | D:3      | Found a transporter.
  2995 | D:3      | Noticed Lucherd's ghost (amateur KoBe)
  3000 | D:3      | Found a transporter.
  3399 | D:4      | Found a glowing golden altar of the Shining One.
  3415 | D:4      | Reached skill level 5 in Axes
  3822 | D:4      | Reached *** piety under Trog
  3834 | D:4      | Reached XP level 7. HP: 21/44 MP: 7/7
  3861 | D:4      | Gained mutation: Your flesh is heat resistant. (rF+)
                  | [potion of mutation]
  3861 | D:4      | Gained mutation: You have very sharp teeth. [potion of
                  | mutation]
  3865 | D:4      | Demolished by an ogre

Skill      XL: |  1  2  3  4  5  6 |
---------------+-------------------+-----
Axes           | 3 4 5 |  5.6
Dodging        | 2 |  2.9
Fighting       | 4 |  4.9
Stealth        | 1 |  1.9
Armour         | |  2.3

Action                   |  1- 3 |  4- 6 |  7- 9 || total
-------------------------+-------+-------+-------++-------
Melee: Hand axe          |   112 |   137 |     1 ||   250
Invok: Berserk           |     2 |     3 |       ||     5
  Use: Potion            |       |       |     2 ||     2
 Stab: Sleeping          |       |     2 |       ||     2
  Eat: Chunk             |     3 |     6 |     1 ||    10
       Ration            |       |     1 |       ||     1
Armor: Animal skin       |    38 |    29 |       ||    67
       Robe              |       |    12 |       ||    12
Dodge: Dodged            |    79 |    72 |     3 ||   154
